 Dungeon Crawl Stone Soup version 0.21-a0-84-g85d6d27 (webtiles) character file.

350 nikopol the Firebug (level 6, -2/32 HPs)
             Began as a Deep Elf Fire Elementalist on June 24, 2017.
             Slain by an orc wizard
             ... wielding a +0 dagger
              (3 damage)
             ... on level 3 of the Dungeon.
             The game lasted 00:16:14 (3409 turns).

nikopol the Firebug (Deep Elf Fire Elementalist)    Turns: 3409, Time: 00:16:15

Health: -2/32      AC:  5    Str:  5    XL:     6   Next: 34%
Magic:  2/16       EV: 13    Int: 22    God:
Gold:   70         SH:  0    Dex: 15    Spells: 4/15 levels left

rFire    . . .     SeeInvis .   h - +0 short sword
rCold    . . .     Gourm    .   (no shield)
rNeg     + . .     Faith    .   v - +2 robe {rN+}
rPois    .         Spirit   .   n - +0 helmet
rElec    .         Reflect  .   u - scarf {repulsion}
rCorr    .         Harm     .   (no gloves)
MR       .....                  (no boots)
Stlth    ++........             (no amulet)
HPRegen  0.10/turn              (no ring)
MPRegen  0.15/turn              (no ring)

@: repel missiles
A: no striking features
a: no special abilities


You were on level 3 of the Dungeon.
You were hungry.

You visited 1 branch of the dungeon, and saw 3 of its levels.

You collected 70 gold pieces.

Inventory:

Hand Weapons
 h - a +0 short sword (weapon)
Armour
 a - a +0 robe
 n - a +0 helmet (worn)
 r - a +0 cloak
 u - a scarf of repulsion (worn)
 v - a +2 robe of positive energy (worn)
Jewellery
 e - an uncursed ring of stealth {unknown}
Scrolls
 d - 2 scrolls of blinking {unknown}
 i - 3 scrolls of teleportation {unknown}
 l - 2 scrolls of identify {unknown}
 o - 2 scrolls of remove curse {unknown}
 p - 3 scrolls of enchant armour {unknown}
 q - 2 scrolls of fear {unknown}
 s - a scroll of magic mapping {unknown}
Potions
 k - a potion of mutation {unknown}
 m - 2 potions of agility {unknown}
 t - a potion of magic {unknown}
Books
 b - a book of Flames

   Spells                             Type                      Level
   a - Flame Tongue                   Conjuration/Fire             1
   b - Throw Flame                    Conjuration/Fire             2
   c - Conjure Flame                  Conjuration/Fire             3
   d - Inner Flame                    Hexes/Fire                   3
   e - Sticky Flame                   Conjuration/Fire             4
   f - Fireball                       Conjuration/Fire             5
Comestibles
 c - 3 bread rations
 f - a royal jelly
 g - 2 meat rations


   Skills:
 + Level 3.0 Dodging
 + Level 3.0 Stealth
 + Level 5.4 Spellcasting
 + Level 3.4 Conjurations
 + Level 5.4 Fire Magic


You had 4 spell levels left.
You knew the following spells:

 Your Spells              Type           Power        Failure   Level  Hunger
a - Flame Tongue          Conj/Fire      ####.        1%          1    None
b - Throw Flame           Conj/Fire      ####..       2%          2    None
c - Conjure Flame         Conj/Fire      ####....     4%          3    ##.....
d - Fireball              Conj/Fire      ####......   38%         5    #####..


Dungeon Overview and Level Annotations

Branches:
Dungeon (3/15)

Altars:


Message History

Casting: Flame Tongue
Confirm with . or Enter, or press ? or * to list all spells.
You can't see any susceptible monsters within range! (Use Z to cast anyway.)
Casting: Flame Tongue
Confirm with . or Enter, or press ? or * to list all spells.
Aiming: Throw Flame
Press: ? - help, Shift-Dir - straight line
Casting: Throw Flame
Confirm with . or Enter, or press ? or * to list all spells.
Aiming: Flame Tongue
Press: ? - help, Shift-Dir - straight line An orc wizard appears from thin air!
Reactivating autopickup.
Casting: Flame Tongue
Confirm with . or Enter, or press ? or * to list all spells.
Aiming: Flame Tongue
Press: ? - help, Shift-Dir - straight line, f - orc wizard
Aim: an orc wizard, wielding a dagger and wearing a robe (almost dead)
The flame tongue misses the orc wizard.
The orc wizard hits you with a dagger.
You die...

#.##.##..#####.####.###.#
#.##.....# #.# #.# #.#
#.######.# #)# #.# #.#
#.# #.# #.# #.. ..#
#.######.# #.# ### ###
#........# #.# ##########
###.####### #..o......#
#.#@#####.# #.#.# #.#
#.#.#####.####..
#(...............
#####.....###.####...
..........# #.#
####.#.#####.#
#.........# ..
###.#######


You could see an orc wizard.

Vanquished Creatures
  3 orc priests (D:3)
  2 orc wizards (D:3)
  Robin (D:2)
  A gnoll (D:3)
  6 adders
  An ooze (D:1)
  4 worms (D:2)
  2 dart slugs
  3 leopard geckos
  11 orcs (D:3)
  12 bats
  7 giant cockroaches
  7 goblins
  13 hobgoblins
  13 jackals
  4 kobolds
  2 quokkas (D:3)
  2 frilled lizards
  5 rats
99 creatures vanquished.

Notes
Turn   | Place    | Note
-------+----------+-------------------------------------------
     0 | D:1      | nikopol the Deep Elf Fire Elementalist began the quest for the Orb.
     0 | D:1      | Reached XP level 1. HP: 10/10 MP: 6/6
   121 | D:1      | Reached XP level 2. HP: 15/15 MP: 4/8
   500 | D:1      | Reached XP level 3. HP: 16/19 MP: 4/9
   885 | D:2      | Learned a level 2 spell: Throw Flame
   889 | D:2      | Learned a level 3 spell: Conjure Flame
  1281 | D:2      | Reached XP level 4. HP: 22/24 MP: 0/11
  1452 | D:2      | Noticed Robin
  1514 | D:2      | Killed Robin
  2100 | D:2      | Reached XP level 5. HP: 28/28 MP: 6/12
  2111 | D:2      | Learned a level 5 spell: Fireball
  2321 | D:2      | Reached skill level 5 in Fire Magic
  3014 | D:3      | Reached skill level 5 in Spellcasting
  3014 | D:3      | Reached XP level 6. HP: 25/32 MP: 5/15
  3406 | D:3      | HP: 1/32 [something/puff of flame (7)]
  3409 | D:3      | Slain by an orc wizard

Vault maps used:
D:1:      minmay_arrival_jagged, serial_co_window_serial, co_window_paths_a,
          co_window_paths_b, co_window_corner_a, co_window_corner_a,
          co_window_paths_b, co_window_corner_b, co_window_cross_2,
          co_window_unsneaky_path_c, co_window_broadway_a, glass_columns_b,
          glass_columns_c, glass_columns_c, glass_columns_a
D:2:      wad_river_or_something, uniq_robin

Skill      XL: |  1  2  3  4  5  6 |
---------------+-------------------+-----
Fire Magic     | 4 5 |  5.4
Conjurations   | 2 3 |  3.4
Spellcasting   | 5 |  5.4
Stealth        | 3 |  3.0
Dodging        | 3 |  3.0

Action                   |  1- 3 |  4- 6 || total
-------------------------+-------+-------++-------
Melee: Short sword       |       |     2 ||     2
 Cast: Flame Tongue      |    72 |   120 ||   192
       Throw Flame       |     3 |    13 ||    16
       Conjure Flame     |       |     4 ||     4
  Eat: Chunk             |     1 |     6 ||     7
Armor: Robe              |     4 |     4 ||     8
Dodge: Dodged            |    18 |    12 ||    30
       Deflected         |       |     3 ||     3
